 Dungeon Crawl Stone Soup version 0.30-a0-883-g5ad918d77d (webtiles) character file.

Game seed: 13517375325895011653

475 cheesebisquit the Trooper (level 6, 0/61 HPs)
             Began as a Draconian Fire Elementalist on Mar 15, 2023.
             Slain by Pikel
             ... wielding a +0 whip of freezing
              (3 damage)
             ... on level 4 of the Dungeon.
             The game lasted 00:24:58 (5482 turns).

cheesebisquit the Trooper (DrFE)                    Turns: 5482, Time: 00:24:59

Health: 0/61       AC:  7    Str: 10    XL:     6   Next: 84%
Magic:  1/9        EV: 12    Int: 17    God:
Gold:   174        SH:  0    Dex: 12    Spells: 0/9 levels left

rFire   . . .      SeeInvis +    n - +0 flail
rCold   . . .      Faith    .    (no shield)
rNeg    . . .      Spirit   .    (body armour unavailable)
rPois   .          Reflect  .    (helmet restricted)
rElec   .          Rampage  .    r - +0 cloak
rCorr   .                        (no gloves)
Will    .....                    (no boots)
Stlth   ++                       (no amulet)
HPRegen 0.30/turn                l - ring of see invisible
MPRegen 0.11/turn                (no ring)

@: flying, slowed, very slow
A: AC +6, unfitting armour, cold-blooded
a: no special abilities


You were on level 4 of the Dungeon.
You visited 1 branch of the dungeon, and saw 4 of its levels.

You collected 174 gold pieces.

Inventory:

Hand Weapons
 n - a +0 flail (weapon)
Missiles
 h - 2 poisoned darts
 j - 6 atropa-tipped darts
Armour
 a - a +0 buckler
 r - a +0 cloak (worn)
Jewellery
 l - a ring of see invisible (left hand)
Wands
 q - a wand of flame (21)
Scrolls
 b - a scroll of identify {unknown}
 c - a scroll of fear {unknown}
 d - a scroll of enchant armour {unknown}
 g - a scroll of silence {unknown}
 m - a scroll of amnesia {unknown}
 o - 2 scrolls of acquirement {unknown}
 s - a scroll of magic mapping {unknown}
Potions
 f - a potion of cancellation {unknown}
 i - a potion of degeneration {unknown}
 k - a potion of flight
 p - a potion of invisibility {unknown}


   Skills:
 + Level 7.8 Fighting
 - Level 1.7 Dodging
 - Level 1.7 Stealth
 - Level 2.0 Spellcasting
 - Level 1.0 Conjurations
 - Level 3.0 Fire Magic


You couldn't memorise any spells.
You knew the following spells:

 Your Spells              Type           Power      Damage    Failure   Level
a - Foxfire               Conj/Fire      32%        2x1d5     9%          1
b - Inner Flame           Hex/Fire       6%         N/A       30%         3
c - Ignite Poison         Fire/Tmut/Pois 5%         N/A       36%         3
z - Scorch                Fire           22%        2d6       9%          2

Your spell library contained the following spells:

 Spells                   Type           Power      Damage    Failure   Level
 Kiss of Death            Conj/Necr      12%        2d6       16%         1
 Beastly Appendage        Tmut           2%         N/A       19%         1
 Summon Small Mammal      Summ           4%         N/A       19%         1
 Wereblood                Tmut           1%         N/A       28%         2
 Kindle Blastsparks       Fire/Tloc/Air  10%        2d10      36%         3
 Confusing Touch          Hex            1%         N/A       50%         3
 Spider Form              Tmut/Pois      1%         N/A       50%         3
 Flame Wave               Conj/Fire      8%         2d5       63%         4
 Fulminant Prism          Conj/Hex       1%         3d5       83%         4
 Iskenderun's Mystic Bla  Conj/Tloc      3%         2d3       83%         4
 Dispel Undead            Necr           1%         3d6       88%         4
 Freezing Cloud           Conj/Ice/Air   1%         6-21      99%         5
 Lee's Rapid Deconstruct  Erth           0%         3d4*      99%         5
 Simulacrum               Ice/Necr       0%         N/A       100%        6
 Polar Vortex             Ice            0%         N/A       100%        9


Dungeon Overview and Level Annotations

Branches:
Dungeon (4/15)
 Temple: D:4-7

Altars:
Ashenzari
Hepliaklqana
The Shining One

Annotations:
D:4 Edmund, Pikel


Innate Abilities, Weirdness & Mutations

Your plain brown scales are hard. (AC +6)
You cannot fit into any form of body armour.
You are cold-blooded and may be slowed by cold attacks.


Message History

Pikel attacks as you move away!
Pikel hits you with a +0 whip of freezing.
You feel yourself slow down. Pikel freezes you. Pikel attacks as you move away!
Pikel closely misses you.
You feel yourself speed up. The lemure attacks as you move away!
The lemure barely misses you.
Pikel is no longer more vulnerable to fire.
The lemure is no longer more vulnerable to fire.
Pikel attacks as you move away!
Pikel hits you with a +0 whip of freezing.
You feel yourself slow down. Pikel freezes you.
The lemure attacks as you move away! The lemure closely misses you.
Pikel attacks as you move away!
Pikel hits you with a +0 whip of freezing.
You feel as though you will be slow longer.
Pikel freezes you. The lemure hits you.
Pikel hits you with a +0 whip of freezing.
You feel as though you will be slow longer.
Pikel freezes you. The lemure attacks as you move away!
The lemure hits you but does no damage. Pikel attacks as you move away!
Pikel hits you with a +0 whip of freezing.
* * * LOW HITPOINT WARNING * * *
You feel as though you will be slow longer.
Pikel freezes you.
* * * LOW HITPOINT WARNING * * *
It was a potion of flight.
You feel very buoyant.
You fly up into the air.
Pikel closely misses you. The lemure barely misses you.
Pikel hits you with a +0 whip of freezing.
* * * LOW HITPOINT WARNING * * *
Pikel freezes you.
* * * LOW HITPOINT WARNING * * *
Pikel attacks as you move away!
Pikel hits you with a +0 whip of freezing.
* * * LOW HITPOINT WARNING * * *
You feel as though you will be slow longer.
Pikel freezes you.
You die...

....####
#....#####|....##....
.......# #....#
#.....##....
######5### #....#
########.... #.#
#...# ###'## #....
..# ####.######.#
######.... ..#
#...........##
#.......## ..#
#.###........##
#.......# ### #.#
######.55.#
#.......## #.# #.K@.#
#........# #####.#
#....### #........#
......# #......##
######)..# #..##.#
##......## #)...
##.##.# #.......###
###.#. .#..#.#
#.....#...####..[##
###...#
#.....###........(.
..#...#
#############....##
_.#...#
#.............))


You could see Pikel and 2 lemures.

Vanquished Creatures
  2 lemures (D:3)
  A scorpion (D:4)
  A hound (D:4)
  2 orc priests
  Crazy Yiuf (D:3)
  An iguana (D:4)
  5 orc wizards
  3 adders
  2 worms
  3 dart slugs
  22 orcs
  4 endoplasms
  2 giant cockroaches
  8 goblins
  9 hobgoblins
  2 jackals (D:2)
  2 quokkas (D:1)
  8 ball pythons
  6 bats
  4 frilled lizards
  8 kobolds
  A rat (D:3)
97 creatures vanquished.

Vanquished Creatures (others)
  225 foxfires
  A fungus (D:1)
226 creatures vanquished.

Grand Total: 323 creatures vanquished

Notes
Turn   | Place    | Note
-------+----------+-------------------------------------------
     0 | D:1      | cheesebisquit the Draconian Fire Elementalist began the
                  | quest for the Orb.
     0 | D:1      | Reached XP level 1. HP: 14/14 MP: 3/3
    53 | D:1      | Reached skill level 1 in Fighting
    81 | D:1      | Found a faded altar of an unknown god.
    89 | D:1      | Got Plato's Secrets of Illusion
    99 | D:1      | Reached XP level 2. HP: 24/24 MP: 0/5
   165 | D:1      | Reached skill level 2 in Fighting
   743 | D:2      | Learned a level 2 spell: Scorch
   759 | D:2      | Reached skill level 3 in Fighting
   759 | D:2      | Reached XP level 3. HP: 31/31 MP: 1/6
   945 | D:2      | Found a hazy altar of Hepliaklqana.
  1574 | D:2      | You fall into a shaft and drop 1 floor!
  1600 | D:3      | Reached skill level 4 in Fighting
  1698 | D:3      | Reached XP level 4. HP: 40/40 MP: 1/7
  2076 | D:3      | Reached skill level 5 in Fighting
  2311 | D:3      | Reached XP level 5. HP: 48/48 MP: 0/8
  2461 | D:3      | Found a runed translucent door.
  2462 | D:3      | Noticed Crazy Yiuf
  2658 | D:3      | Reached skill level 6 in Fighting
  3077 | D:3      | Found a glowing golden altar of the Shining One.
  3329 | D:3      | Killed Crazy Yiuf
  3564 | D:4      | Reached XP level 6. HP: 58/58 MP: 1/9
  4137 | D:4      | Reached skill level 7 in Fighting
  4186 | D:4      | Noticed Pikel
  4410 | D:4      | Learned a level 3 spell: Inner Flame
  4414 | D:4      | Learned a level 3 spell: Ignite Poison
  4776 | D:4      | Noticed Edmund
  4777 | D:4      | Found a broken altar of Ashenzari.
  5482 | D:4      | HP: 3/61 [Pikel/+0 whip of freezing (6)]
  5482 | D:4      | Slain by Pikel

Illustrated notes

Levels and vault maps discovered:
D:1:      lightli_arrival_chessboard, layout_rooms,
          shapermc_ecumenical_altar_rom_forum
D:2:      layout_loops_ring, basic_altar
D:3:      layout_basic, nicolae_tso_swordbearing_angel, lemuel_flame_loot_1,
          uniq_crazy_yiuf_cottage
D:4:      layout_basic, nicolae_ashenzari_skybound, kennysheep_mini_moat,
          eino_small_chamber_without_monster, uniq_edmund, uniq_pikel

Skill      XL: |  1  2  3  4  5  6 |
---------------+-------------------+-----
Fighting       | 1 3 4 5 6 7 |  7.8
Dodging        | |  1.7
Stealth        | |  1.7
Spellcasting   | |  2.0
Conjurations   | |  1.0
Fire Magic     | |  3.0

Action                     |  1- 3 |  4- 6 || total
---------------------------+-------+-------++-------
  Melee: Dagger            |    26 |       ||    26
         Short sword       |     2 |    18 ||    20
         Tailslap          |     2 |     8 ||    10
         Flail             |       |    48 ||    48
         Punch             |       |     1 ||     1
  Throw: Dart              |     2 |       ||     2
   Cast: Foxfire           |    53 |    79 ||   132
         Scorch            |     9 |    39 ||    48
    Use: Potion            |       |     3 ||     3
 Armour: Skin              |    12 |    36 ||    48
  Dodge: Dodged            |    37 |   102 ||   139

Table legend: (Time is in decaauts)
 A = Elapsed time spent in this place.
 B = Non-inter-level travel time spent in this place.
 C = Inter-level travel time spent in this place.
 D = Time resting spent in this place.
 E = Time spent auto-exploring this place.
 F = Levels seen in this place.
 G = Mean time per level.
                   A        B        C        D        E       F      G
               +--------+--------+--------+--------+--------+-----+--------+
         Total |   5493 |   5237 |    256 |    332 |   3794 |   4 | 1373.2 |
       Dungeon |   5493 |   5237 |    256 |    332 |   3794 |   4 | 1373.2 |
               +--------+--------+--------+--------+--------+-----+--------+

Top non-repeatable levels by time:
     D:3: 2359 daAuts
     D:4: 1560 daAuts
     D:2: 829 daAuts
     D:1: 744 daAuts
